 Dungeon Crawl Stone Soup version 0.25-a0-577-ga4619f409e (webtiles) character file.

Game seed: 792912974901493919, levelgen mode: deterministic

252 Flugslaktarn the Chopper (level 5, -1/47 HPs)
             Began as a Minotaur Chaos Knight on Mar 3, 2020.
             Was a Plaything of Xom.
             Slain by an orc
             ... wielding a +0 mace
              (3 damage)
             ... on level 3 of the Dungeon.
             The game lasted 00:00:46 (760 turns).

Flugslaktarn the Chopper (Minotaur Chaos Knight)     Turns: 760, Time: 00:00:46

Health: -1/47      AC:  5    Str: 18    XL:     5   Next: 89%
Magic:  4/4        EV: 12    Int:  9    God:    Xom [......]
Gold:   43         SH:  0    Dex:  9    Spells: 4/4 levels left

rFire    . . .     SeeInvis .   f - +4 hand axe (chaos)
rCold    . . .     Gourm    .   (no shield)
rNeg     . . .     Faith    .   b - +2 leather armour
rPois    .         Spirit   .   (helmet restricted)
rElec    .         Reflect  .   (no cloak)
rCorr    .         Harm     .   (no gloves)
MR       .....                  (no boots)
Stlth    +.........             (no amulet)
HPRegen  0.15/turn              (no ring)
MPRegen  0.09/turn              (no ring)

@: no status effects
A: retaliatory headbutt, horns 2
a: Renounce Religion


You were on level 3 of the Dungeon.
You worshipped Xom.
You were a very special plaything of Xom.
You were not hungry.

You visited 1 branch of the dungeon, and saw 3 of its levels.

You collected 43 gold pieces.

Inventory:

Hand Weapons
 a - a +0 hand axe of chaos
 f - a +4 hand axe of chaos (weapon)
   (You took it off an orc on level 3 of the Dungeon)
Armour
 b - a +2 leather armour (worn)
Jewellery
 d - a +1 ring of evasion {unknown}
   (You found it on level 1 of the Dungeon)
Scrolls
 c - a scroll of enchant armour {unknown}
Comestibles
 e - 4 rations


   Skills:
 + Level 4.7 Fighting
 * Level 5.8 Axes
 + Level 4.0 Armour
 + Level 3.0 Dodging


You had 4 spell levels left.
You didn't know any spells.
Your spell library was empty.

Dungeon Overview and Level Annotations

Branches:
Dungeon (3/15)

Altars:
Gozag
Xom


Innate Abilities, Weirdness & Mutations

You reflexively headbutt those who attack you in melee.
You have a pair of horns on your head.


Message History

You slash Natasha!
You kill Natasha!
Natasha screams in pain as she dies!
The white imp disappears in a puff of smoke!
Your Armour skill increases to level 4!
Your Dodging skill increases to level 3!
You hit the orc. You drain the orc. The orc hits you but does no damage.
You barely miss the orc.
The orc is severely wounded.
The orc hits you with a +0 mace.
* * * LOW HITPOINT WARNING * * *
You hit the orc but do no damage.
The orc is severely wounded.
The walls and floor vibrate strangely for a moment.
The orc barely misses you.
You barely miss the orc.
The orc is severely wounded.
The orc hits you with a +0 mace.
You die... "This toy is broken."

####...............#
#######)#.............#
#....<..#..###...####.##
..#....#...# #...).##...
#...)..#.###........##
#....###.#)....#..#.#
#....###............#
#........#...†......##
#....###.#)..†@o.....#
#....# #.)########.....
#....# ##._# .####
#....# ##)# # #[# #..
.... ..... .......


You could see an orc.

Vanquished Creatures
  An orc priest (D:3)
  Natasha (twice) (D:3)
  2 orc wizards (D:3)
  2 adders
  3 gnolls (D:3)
  3 oozes (D:3)
  2 dart slugs (D:3)
  13 orcs (D:3)
  A ball python (D:3)
  2 giant cockroaches
  4 goblins
  5 hobgoblins
  3 kobolds
  A quokka (D:3)
  4 bats
  A rat (D:2)
49 creatures vanquished.

Notes
Turn   | Place    | Note
-------+----------+-------------------------------------------
     0 | D:1      | Flugslaktarn the Minotaur Chaos Knight began the quest for
                  | the Orb.
     0 | D:1      | Reached XP level 1. HP: 19/19 MP: 0/0
    81 | D:1      | XOM: harmless Conj miscast
   107 | D:2      | Reached skill level 4 in Axes
   107 | D:2      | Reached XP level 2. HP: 19/27 MP: 1/1
   168 | D:3      | XOM: potion effect (heal wounds)
   170 | D:3      | Reached XP level 3. HP: 29/33 MP: 2/2
   231 | D:3      | Noticed Natasha
   233 | D:3      | XOM: potion effect (curing)
   236 | D:3      | Killed Natasha
   302 | D:3      | Found an opulent altar of Gozag.
   338 | D:3      | Reached XP level 4. HP: 40/40 MP: 3/3
   402 | D:3      | XOM: mild Summ miscast
   507 | D:3      | XOM: chaos upgrade
   515 | D:3      | XOM: scenery: create altars
   522 | D:3      | Reached skill level 5 in Axes
   523 | D:3      | XOM: harmless Tloc miscast
   537 | D:3      | XOM: summons 1 hostile demon
   550 | D:3      | Reached XP level 5. HP: 8/47 MP: 4/4
   744 | D:3      | Noticed Natasha
   757 | D:3      | Killed Natasha
   758 | D:3      | HP: 2/47 [orc/+0 mace (3)]
   760 | D:3      | Slain by an orc

Levels and vault maps discovered:
D:1:      elethiomel_arrival_maze, layout_loops_ring, chequers_garden,
          minmay_3d_cube
D:2:      cheibrodos_old_hovel, layout_rooms, fedhas_altar_4
D:3:      layout_rooms, grunt_gozag_statues, gup_sewer_entry_bowl, uniq_natasha

Skill      XL: |  1  2  3  4  5 |
---------------+----------------+-----
Axes           | 4 5 |  5.8
Fighting       | 4 |  4.7
Armour         | 3 4 |  4.0
Dodging        | 2 3 |  3.0

Action                   |  1- 3 |  4- 6 || total
-------------------------+-------+-------++-------
Melee: Hand axe          |    48 |    61 ||   109
       Headbutt          |     7 |    12 ||    19
  Use: Potion            |       |     1 ||     1
Armor: Leather armour    |    13 |    14 ||    27
Dodge: Dodged            |    31 |    43 ||    74

Table legend:
 A = Non-vault XP
 B = Vault XP
 C = Vault XP percentage of total XP
 D = Non-vault monster count
 E = Vault monster count
 F = Vault count percentage of total count
                 A         B        C        D         E       F
            +---------+---------+-------+---------+---------+-------
      Total |     325 |      36 |  10.0 |      48 |       1 |   2.0
            +---------+---------+-------+---------+---------+-------
        D:1 |       9 |       0 |   0.0 |       5 |       0 |   0.0
        D:2 |      22 |       0 |   0.0 |       6 |       0 |   0.0
        D:3 |     294 |      36 |  10.9 |      37 |       1 |   2.6
            +---------+---------+-------+---------+---------+-------
